 Dungeon Crawl Stone Soup version 0.29-a0-344-ge2f44be95a (webtiles) character file.

Game seed: 11750545486081227644

682 Flugkiller the Chopper (level 7, -2/59 HPs)
             Began as a Palentonga Chaos Knight on Apr 22, 2022.
             Was a Plaything of Xom.
             Slain by an ogre
             ... wielding a +0 giant club
             ... summoned by an orc
              (9 damage)
             ... on level 5 of the Dungeon.
             The game lasted 00:03:50 (3596 turns).

Flugkiller the Chopper (Palentonga Chaos Knight)    Turns: 3596, Time: 00:03:50

Health: -2/59      AC: 19    Str: 17    XL:     7   Next: 34%
Magic:  7/7        EV:  9    Int: 17    God:    Xom [..*...]
Gold:   197        SH:  0    Dex:  9    Spells: 6/6 levels left

rFire   . . .      SeeInvis +   h - +0 hand axe (elec)
rCold   . . .      Faith    .   (no shield)
rNeg    . . .      Spirit   .   b - +2 leather armour
rPois   +          Reflect  .   q - +1 helmet
rElec   .          Harm     .   (no cloak)
rCorr   .          Rampage  .   p - +0 pair of gloves
Will    .....                   (no barding)
Stlth   +.........              (no amulet)
HPRegen 0.19/turn               o - ring of poison resistance
MPRegen 0.10/turn               (no ring)

@: on berserk cooldown, slowed, curled up, very slow
A: large, rugged brown scales 3, see invisible, deformed body, roll 1, armoured
tail, reflexive curl, iridescent scales 1, clever 2, poison resistance
a: Rolling Charge, Renounce Religion


You were on level 5 of the Dungeon.
You worshipped Xom.
You were a toy of Xom.
You visited 1 branch of the dungeon, and saw 5 of its levels.

You collected 197 gold pieces.

Inventory:

Hand Weapons
 a - a +0 hand axe of chaos
 h - a +0 hand axe of electrocution (weapon)
   (You took it off an orc on level 4 of the Dungeon)
 t - a +1 vorpal morningstar
   (You took it off an orc on level 3 of the Dungeon)
Missiles
 f - a throwing net
 x - a curare-tipped dart
Armour
 b - a +2 leather armour (worn)
 m - a +0 chain mail
   (You found it on level 2 of the Dungeon)
 p - a +0 pair of gloves (worn)
   (You found it on level 4 of the Dungeon)
 q - a +1 helmet (worn)
   (You took it off Robin on level 2 of the Dungeon)
 w - the +0 pair of gloves of Upuipy {rC- Will+ MP+9 SInv}
   (You found it on level 5 of the Dungeon)

   rC:        It makes you vulnerable to cold.
   MP:        It affects your magic capacity (+9).
   SInv:      It lets you see invisible.
   Will:      It increases your willpower.
Jewellery
 o - a ring of poison resistance (left hand)
   (You found it on level 3 of the Dungeon)
Wands
 i - a wand of iceblast (7)
   (You took it off Ijyb on level 3 of the Dungeon)
Scrolls
 d - a scroll of holy word
 e - 3 scrolls of magic mapping
 j - 2 scrolls of fog
 k - a scroll of teleportation {unknown}
 r - a scroll of identify
 y - a scroll of enchant weapon {unknown}
Potions
 l - 2 potions of cancellation
 n - 2 potions of attraction
 s - a potion of degeneration {unknown}
 u - a potion of resistance {unknown}
 v - 2 potions of brilliance {unknown}
Miscellaneous
 c - a piece from Xom's chessboard (15/15) (quivered)


   Skills:
 + Level 5.3 Fighting
 - Level 6.0 Axes
 + Level 3.9 Armour
 - Level 0.7 Dodging


You had 6 spell levels left.
You didn't know any spells.
Your spell library contained the following spells:

 Spells                   Type           Power      Damage    Failure   Level
 Foxfire                  Conj/Fire      0%         2x1d4     28%         1
 Sting                    Tmut/Pois      0%         1d3       28%         1
 Poisonous Vapours        Pois/Air       0%         N/A       38%         2
 Confusing Touch          Hex            0%         N/A       63%         3
 Conjure Flame            Conj/Fire      0%         6-21      63%         3
 Dazzling Flash           Conj/Hex       0%         N/A       63%         3
 Inner Flame              Hex/Fire       0%         N/A       63%         3
 Summon Guardian Golem    Hex/Summ       0%         N/A       63%         3
 Flame Wave               Conj/Fire      0%         2d4       95%         4
 Fulminant Prism          Conj/Hex       0%         3d6       95%         4
 Iskenderun's Mystic Bla  Conj/Tloc      0%         2d3       95%         4
 Olgreb's Toxic Radiance  Pois           0%         N/A       95%         4
 Lee's Rapid Deconstruct  Erth           0%         3d5*      100%        5
 Yara's Violent Unravell  Hex/Tmut       0%         3d3       100%        5
 Starburst                Conj/Fire      0%         6d3       100%        6
 Enfeeble                 Hex            0%         N/A       100%        7
 Orb of Destruction       Conj           0%         9d5       100%        7
 Spellforged Servitor     Conj/Summ      0%         N/A       100%        7


Dungeon Overview and Level Annotations

Branches:
Dungeon (5/15)
 Temple: D:4-7

Altars:
Cheibriados
Elyvilon
Nemelex Xobeh

Shops:
D:2 :


Innate Abilities, Weirdness & Mutations

You are completely covered in rugged brown scales. (AC +3, +7% HP)
You have supernaturally acute eyesight. (SInv)
Armour fits poorly on your strangely shaped body.
You can roll at nearby foes to attack.
You have a long armoured tail.
You curl defensively after being hit. (AC +7*)
You are partially covered in iridescent scales. (AC +2)
Your mind is very acute. (Int +4)
Your system is resistant to poisons. (rPois)


Message History

The necrophage is moderately damaged.
The necrophage hits you but does no damage.
You barely miss the necrophage. You tail-slap the necrophage.
The necrophage is heavily damaged.
The necrophage barely misses you.
You hit the necrophage but do no damage.
Your tail-slap misses the necrophage.
The necrophage is heavily damaged.
The necrophage barely misses you.
You barely miss the necrophage.
The necrophage is heavily damaged.
The necrophage closely misses you.
You barely miss the necrophage.
The necrophage is heavily damaged.
The necrophage hits you but does no damage.
You barely miss the necrophage.
The necrophage is heavily damaged.
The necrophage closely misses you.
You barely miss the necrophage.
The necrophage is heavily damaged.
The necrophage hits you.
You feel drained.
You closely miss the necrophage.
The necrophage is heavily damaged.
The necrophage hits you but does no damage.
You hit the necrophage.
The necrophage is heavily damaged.
The necrophage hits you but does no damage.
You barely miss the necrophage.
The necrophage is heavily damaged.
The necrophage hits you.
You feel drained.
You hit the necrophage but do no damage.
The necrophage is heavily damaged.
The necrophage hits you but does no damage.
You slash the necrophage!
You tail-slap the necrophage, but do no damage.
The necrophage is severely damaged.
The necrophage hits you but does no damage.
You hit the necrophage but do no damage.
Your punch misses the necrophage.
The necrophage is severely damaged.
The necrophage hits you.
You closely miss the necrophage.
The necrophage is severely damaged.
The necrophage barely misses you.
You closely miss the necrophage. You tail-slap the necrophage.
The necrophage is almost destroyed.
The necrophage hits you.
You feel drained.
You hit the necrophage.
You destroy the necrophage!
Your life force feels restored.
Things that are here:
a +0 giant club; a necrophage corpse; an ogre corpse You start resting.
An orc comes into view. It is wielding a +0 hand axe.
The orc shouts!
The orc reads a scroll.
Wisps of shadow swirl around the orc.
The wyvern hisses menacingly.
There is an escape hatch in the ceiling here. "Go forth and cause havoc, mortal!"
A red film seems to cover your vision as you go berserk!
You feel yourself moving faster!
You feel mighty!
You feel a strong urge to attack something.
Unknown command.
Unknown command.
You feel your anger nearly subside. The wyvern bites you!
You slash the wyvern! You tail-slap the wyvern!
The wyvern is severely wounded.
The wyvern bites you!
* * * LOW HITPOINT WARNING * * *
Unknown command.
You barely miss the wyvern.
Your tail-slap misses the wyvern.
The wyvern is severely wounded.
The wyvern closely misses you.
You closely miss the wyvern.
The wyvern is severely wounded.
The wyvern bites you!
* * * LOW HITPOINT WARNING * * *
You hit the wyvern. You tail-slap the wyvern.
You kill the wyvern!
The wyvern's corpse dissolves into shadows!
You slash the jelly!
You kill the jelly!
The jelly dissolves into shadows!
You are no longer berserk.
You are exhausted.
You feel yourself slow down.
You barely miss the ogre. The ogre barely misses you.
Okay, then.
It was a potion of mutation.
You feel extremely strange.
Iridescent scales grow over part of your body.
You feel clever.
You feel resistant to poisons.
Xom is mildly amused.
You feel clever.
Xom is mildly amused.
The ogre hits you but does no damage.
Unknown command.
The ogre hits you with a +0 giant club!
You die...
Xom cackles wildly!

#...###....##.###.
#.##.#.###.##.....
#.###.## #.###.
#.# #.#### #.# #.
#.###.#.. ... #.
#.##....# #.
#.#?....# # ##
#.##....# .#
#@###.#.##..#
#.Oo<..))...# .
#######...........
#.###....... #.#
...... #.# #.. #.#
. #.# #..


You could see an ogre (summoned) and an orc.

Vanquished Creatures
  An ogre (D:5)
  2 phantoms (D:5)
  A kobold brigand (D:4)
  2 necrophages (D:5)
  2 hounds (D:5)
  An iguana (D:5)
  Ijyb (D:3)
  Robin (D:2)
  2 adders
  A worm (D:4)
  4 dart slugs
  12 orcs
  5 endoplasms
  3 giant cockroaches
  12 goblins
  4 hobgoblins
  18 jackals
  2 quokkas (D:1)
  5 ball pythons
  6 bats
  6 frilled lizards
  5 kobolds
  6 rats
102 creatures vanquished.

Notes
Turn   | Place    | Note
-------+----------+-------------------------------------------
     0 | D:1      | Flugkiller the Palentonga Chaos Knight began the quest for
                  | the Orb.
     0 | D:1      | Reached XP level 1. HP: 19/19 MP: 1/1
    90 | D:1      | XOM: silly message
   110 | D:1      | Reached XP level 2. HP: 22/25 MP: 2/2
   125 | D:1      | XOM: potion effect (curing)
   481 | D:1      | Reached skill level 4 in Axes
   912 | D:2      | Found Dywol's Book Shop.
   912 | D:2      | XOM: cloud trail
  1074 | D:2      | Reached XP level 3. HP: 31/31 MP: 3/3
  1118 | D:2      | Found a faded altar of an unknown god.
  1129 | D:2      | Noticed Robin
  1153 | D:2      | Killed Robin
  1241 | D:2      | XOM: cloud trail
  1739 | D:3      | Found a white marble altar of Elyvilon.
  1776 | D:3      | Reached XP level 4. HP: 31/37 MP: 4/4
  1839 | D:3      | Reached skill level 5 in Axes
  1908 | D:3      | Noticed Ijyb
  1926 | D:3      | Killed Ijyb
  2065 | D:3      | XOM: smoke on damage
  2174 | D:4      | Reached XP level 5. HP: 37/43 MP: 5/5
  2210 | D:4      | XOM: cast spell 'Statue Form'
  2222 | D:4      | Reached skill level 6 in Axes
  2270 | D:4      | XOM: 3-stop teleportation journey
  2389 | D:4      | XOM: god gift: 2 atropa-tipped darts
  2787 | D:5      | Entered Level 5 of the Dungeon
  2818 | D:5      | Found a sparkling altar of Nemelex Xobeh.
  2830 | D:5      | Noticed a phantom
  2836 | D:5      | Killed a phantom
  2837 | D:5      | Reached XP level 6. HP: 49/51 MP: 6/6
  2989 | D:5      | Found a snail-covered altar of Cheibriados.
  3040 | D:5      | Identified the +0 pair of gloves of Upuipy {rC- Will+ MP+9
                  | SInv}
  3285 | D:5      | Gained mutation: You curl defensively after being hit. (AC
                  | +7*) [Palentonga growth]
  3285 | D:5      | Reached XP level 7. HP: 58/58 MP: 7/7
  3530 | D:5      | XOM: divination: detect items
  3540 | D:5      | Reached skill level 5 in Fighting
  3581 | D:5      | Noticed a wyvern
  3583 | D:5      | XOM: potion effect (berserk rage)
  3594 | D:5      | Gained mutation: You are partially covered in iridescent
                  | scales. (AC +2) [potion of mutation]
  3594 | D:5      | Gained mutation: Your mind is acute. (Int +2) [potion of
                  | mutation]
  3594 | D:5      | Gained mutation: Your system is resistant to poisons.
                  | (rPois) [potion of mutation]
  3594 | D:5      | Gained mutation: Your mind is very acute. (Int +4) [potion
                  | of mutation]
  3596 | D:5      | Slain by an ogre

Illustrated notes

Levels and vault maps discovered:
D:1:      heliophobic_arrival_glass_houses, layout_loops_ring,
          minmay_misc_feat_plants
D:2:      layout_basic, shapermc_ecumenical_altar_acropolis, serial_shops,
          shop_fountains, uniq_robin
D:3:      layout_rooms, mainiacjoe_overflow_cross_hatched, uniq_ijyb
D:4:      minmay_angry_zag, layout_rooms
D:5:      layout_loops_ring, nemelex_spade_bored_becter, kennysheep_slug_shrine

Skill      XL: |  1  2  3  4  5  6  7 |
---------------+----------------------+-----
Axes           | 4 5 6 |  6.0
Armour         | 2 3 |  3.9
Fighting       | 4 5 |  5.3
Dodging        | |  0.7

Action                   |  1- 3 |  4- 6 |  7- 9 || total
-------------------------+-------+-------+-------++-------
Melee: Hand axe          |   110 |    42 |    33 ||   185
       Tailslap          |     9 |    19 |     6 ||    34
       Punch             |     1 |     1 |       ||     2
       Morningstar       |       |   108 |       ||   108
       Unarmed           |       |    19 |       ||    19
 Abil: Rolling Charge    |     1 |       |     1 ||     2
  Use: Scroll            |       |    11 |       ||    11
       Potion            |       |     1 |     1 ||     2
Armor: Leather armour    |    56 |    89 |     8 ||   153
       Skin              |       |     9 |       ||     9
Dodge: Dodged            |    69 |    97 |    10 ||   176

Table legend: (Time is in decaauts)
 A = Elapsed time spent in this place.
 B = Non-inter-level travel time spent in this place.
 C = Inter-level travel time spent in this place.
 D = Time resting spent in this place.
 E = Time spent auto-exploring this place.
 F = Levels seen in this place.
 G = Mean time per level.
                   A        B        C        D        E       F      G
               +--------+--------+--------+--------+--------+-----+--------+
         Total |   3633 |   3564 |     69 |    745 |   1991 |   5 |  726.6 |
       Dungeon |   3633 |   3564 |     69 |    745 |   1991 |   5 |  726.6 |
               +--------+--------+--------+--------+--------+-----+--------+

Top non-repeatable levels by time:
     D:2: 924 daAuts
     D:4: 840 daAuts
     D:1: 802 daAuts
     D:5: 647 daAuts
     D:3: 419 daAuts
